 Dungeon Crawl Stone Soup version 0.31-a0-640-g39d97e502b (webtiles) character file.

Game seed: 4135994931721639507

4 GordonOverkill the Sneak (level 1, 0/11 HPs)
             Began as a Vine Stalker Delver on Aug 28, 2023.
             Slain by a hound (4 damage)
             ... on level 4 of the Dungeon.
             The game lasted 00:00:47 (140 turns).

GordonOverkill the Sneak (Vine Stalker Delver)       Turns: 140, Time: 00:00:48

Health: 0/11       AC:  3    Str: 14    XL:     1   Next: 70%
Magic:  0/2        EV: 11    Int: 10    God:
Gold:   42         SH:  0    Dex: 15    Spells: 0/0 levels left

rFire   . . .        a - +0 spear
rCold   . . .        (no shield)
rNeg    . . .        b - +0 leather armour
rPois   .            (no helmet)
rElec   .            (no cloak)
rCorr   .            (no gloves)
SInv    .            (no boots)
Will    .....        (no amulet)
Stlth   +++          (no ring)
HPRegen 0.21/turn    (no ring)
MPRegen 0.08/turn

%: guardian spirit
@: hasted, very quick
A: fangs 2, magic shield, antimagic bite, no potion heal 2
a: no special abilities


You were on level 4 of the Dungeon.
You visited 1 branch of the dungeon, and saw 3 of its levels.

You collected 42 gold pieces.

Inventory:

Hand Weapons
 a - a +0 spear (weapon)
Armour
 b - a +0 leather armour (worn)
 h - a +0 ring mail
Wands
 g - a wand of digging (3)
Scrolls
 c - a scroll of fog
 d - 2 scrolls of revelation
 e - a scroll of fear


   Skills:
 + Level 2.8 Fighting
 + Level 1.9 Polearms
 + Level 1.7 Dodging
 - Level 6.0 Stealth


You couldn't memorise any spells.
You didn't know any spells.
Your spell library was empty.

Dungeon Overview and Level Annotations

Branches:
Dungeon (6/15)
 Temple: D:4-7

Altars:


Innate Abilities, Weirdness & Mutations

You have extremely sharp teeth.
When hurt, damage is shared between your health and your magic reserves.
Your bite disrupts and absorbs the magic of your enemies.
Potions cannot restore your health.


Message History

No target in view!
No target in view!
Things that are here:
a +0 whip; a stone A hound comes into view.
The hound barks!
You feel yourself speed up.
You reach to attack!
You miss the hound. You closely miss the hound. The hound barely misses you.
You hit the hound but do no damage. Your bite misses the hound.
The hound barely misses you.
You hit the hound but do no damage. You bite the hound. You drain its power.
The hound is lightly wounded.
The hound bites you.
You closely miss the hound. You bite the hound. You drain its power.
You feel invigorated.
The hound is moderately wounded.
The hound bites you.
You barely miss the hound.
The hound is moderately wounded.
The hound misses you. The hound bites you.
* * * LOW HITPOINT WARNING * * *
You barely miss the hound. Your bite misses the hound.
The hound is moderately wounded.
You closely miss the hound.
The hound is moderately wounded.
The hound misses you. x2
You closely miss the hound. Your bite misses the hound.
The hound is moderately wounded.
You hit the hound.
The hound is heavily wounded.
The hound barely misses you.
You hit the hound but do no damage. You bite the hound. You drain its power.
The hound is heavily wounded.
The hound bites you.
* * * LOW HITPOINT WARNING * * *
You hit the hound.
The hound is severely wounded.
The hound bites you.
You die...

. .. ... .... ..... .
########...... .##
#.....@h# ######..
#.....#.....#..s....
#..)..#.....#......#
#.....#.....+......#
#.....#.....#......##+#
#.....#.....#.....>....
###'###....###+##..##..
#>...# ....# ####
#.....+


You could see a hound.

Vanquished Creatures
  A dart slug (D:5)
  An endoplasm (D:4)
  A kobold (D:4)
3 creatures vanquished.

Notes
Turn   | Place    | Note
-------+----------+-------------------------------------------
     0 | D:5      | GordonOverkill the Vine Stalker Delver began the quest for
                  | the Orb.
     0 | D:5      | Reached XP level 1. HP: 11/11 MP: 2/2
    65 | D:5      | Noticed a hound
    69 | D:4      | Noticed a scorpion
   126 | D:4      | Noticed a hound
   140 | D:4      | Slain by a hound

Illustrated notes

Levels and vault maps discovered:
D:4:      layout_gridville, serial_shops, shop, nicolae_shop_behind_doors,
          nicolae_goblin_pals
D:5:      layout_cave_pools, eat_drink_and_be_merry_uskayaw
D:6:      layout_cave_pools, gammafunk_temple_overflow_forgotten,
          minmay_temple_entry_arrows, uniq_menkaure

Action                     || total
---------------------------++-------
  Melee: Spear             ||    17
         Bite              ||     3
    Use: Potion            ||     1
   Stab: Sleeping          ||     3
  Dodge: Dodged            ||     6

Table legend: (Time is in decaauts)
 A = Elapsed time spent in this place.
 B = Non-inter-level travel time spent in this place.
 C = Inter-level travel time spent in this place.
 D = Time resting spent in this place.
 E = Time spent auto-exploring this place.
 F = Levels seen in this place.
 G = Mean time per level.
                   A        B        C        D        E       F      G
               +--------+--------+--------+--------+--------+-----+--------+
         Total |    136 |    136 |      0 |     41 |      0 |   3 |   45.3 |
       Dungeon |    136 |    136 |      0 |     41 |      0 |   3 |   45.3 |
               +--------+--------+--------+--------+--------+-----+--------+

Top non-repeatable levels by time:
     D:5: 108 daAuts
     D:4: 23 daAuts
     D:6: 4 daAuts
